 Dungeon Crawl Stone Soup version 0.30-b1-2-g02819fbbbe (webtiles) character file.

Game seed: 9016474620414151494

343 Mesmaeker13 the Shooter (level 6, -2/51 HPs)
             Began as a Barachi Hunter on July 30, 2023.
             Slain by a black bear (10 damage)
             ... on level 5 of the Dungeon.
             The game lasted 00:04:47 (3810 turns).

Mesmaeker13 the Shooter (Barachi Hunter)            Turns: 3810, Time: 00:04:47

Health: -2/51      AC:  4    Str: 19    XL:     6   Next: 57%
Magic:  0/6        EV: 14    Int: 15    God:
Gold:   227        SH:  0    Dex: 17    Spells: 5/5 levels left

rFire   . . .        v - +0 short sword (venom)
rCold   . . .        (no shield)
rNeg    . . .        c - +0 leather armour
rPois   .            t - +0 helmet
rElec   .            (no cloak)
rCorr   .            (no gloves)
SInv    .            (no boots)
Will    .....        n - amulet of guardian spirit
Stlth   ++           w - +6 ring of intelligence
HPRegen 0.28/turn    x - +6 ring of strength
MPRegen 0.10/turn

%: guardian spirit
@: unable to hop, slow
A: amphibious, slowness 1, strong legs 1, +LOS
a: Hop


You were on level 5 of the Dungeon.
You visited 1 branch of the dungeon, and saw 5 of its levels.

You collected 260 gold pieces.
You spent 33 gold pieces at shops.

Inventory:

Hand Weapons
 a - a +0 shortbow
 f - a +2 mace of protection
 v - a +0 short sword of venom (weapon)
Missiles
 e - 5 silver boomerangs
 h - 4 javelins
Armour
 c - a +0 leather armour (worn)
 t - a +0 helmet (worn)
Jewellery
 n - an amulet of guardian spirit (around neck)
 w - a +6 ring of intelligence (left hand)
 x - a +6 ring of strength (right hand)
Scrolls
 b - 2 scrolls of immolation
 g - a scroll of fear
 i - a scroll of silence
 j - a scroll of summoning {unknown}
 k - a scroll of blinking
 m - 2 scrolls of torment {unknown}
 p - a scroll of magic mapping {unknown}
 q - a scroll of teleportation
 r - a scroll of amnesia {unknown}
 y - a scroll of vulnerability {unknown}
Potions
 d - 2 potions of resistance {unknown}
 l - a potion of attraction
 o - a potion of mutation {unknown}
 s - 2 potions of haste {unknown}
 u - a potion of curing {unknown}
 z - a potion of magic {unknown}


   Skills:
 + Level 5.0 Fighting
 + Level 5.4 Ranged Weapons
 + Level 4.5 Dodging
 - Level 0.8 Stealth


You had 5 spell levels left.
You didn't know any spells.
Your spell library contained the following spells:

 Spells                   Type           Power      Damage    Failure   Level
 Dazzling Flash           Conj/Hex       0%         N/A       67%         3
 Volatile Blastmotes      Fire/Tloc      0%         2d10      67%         3
 Iskenderun's Mystic Bla  Conj/Tloc      0%         2d3       97%         4
 Starburst                Conj/Fire      0%         6d3       100%        6


Dungeon Overview and Level Annotations

Branches:
Dungeon (5/15)
 Temple: D:4-7

Altars:
Cheibriados
Fedhas
Ru
Wu Jian

Shops:
D:1 ?   D:2 *   D:3 ?


Innate Abilities, Weirdness & Mutations

You are amphibious.
You cover ground slowly.
You can hop short distances.
You have an extended range of vision and can be seen from far away.


Message History

The black bear goes berserk!
You shoot an arrow.
The arrow hits the black bear but does no damage.
The black bear is severely wounded.
The black bear bites you!
The black bear claws you but does no damage.
The black bear claws you.
Your +0 short sword of venom begins to drip with poison!
v - a +0 short sword of venom (weapon)
The black bear closely misses you. x2; The black bear misses you.
You aren't carrying any items that you can evoke.
Unknown command.
Okay, then.
You completely miss the black bear.
The black bear is severely wounded.
The black bear bites you. The black bear barely misses you.
The black bear claws you. The black bear misses you.
The black bear claws you. x2
You hit the black bear.
The black bear is poisoned.
The black bear is severely wounded.
The black bear bites you.
The black bear claws you but does no damage.
The black bear barely misses you.
You hit the black bear but do no damage.
The black bear is severely wounded.
The black bear bites you!
* * * LOW HITPOINT WARNING * * *
The black bear claws you but does no damage.
The black bear claws you.
* * * LOW HITPOINT WARNING * * *
The black bear bites you.
* * * LOW HITPOINT WARNING * * *
The black bear claws you but does no damage.
The black bear barely misses you.
Okay, then.
You hit the black bear but do no damage.
The black bear looks as sick as possible!
You punch the black bear, but do no damage.
The black bear is almost dead.
The black bear bites you!
You die...

...........#.....#
..........#.....#
.........#.....#
.........#.....#
#.......#.....#
##..)....#.....#
#........#.....#
#..h.....#.....#
#..@.....#.....#
#........'.....#
#........#.....#
##.<.....#.....#
#.......#.....#
#......##.....#
##......##.....#
#.......#####+## .
###########......##....####..


You could see a black bear (berserk, extremely poisoned).

Vanquished Creatures
  An ogre (D:4)
  An orc priest (D:3)
  A sleepcap (D:4)
  An orc wizard (D:3)
  6 adders
  2 gnolls
  A white imp (D:5)
  A worm (D:3)
  3 dart slugs
  5 orcs
  6 endoplasms
  2 giant cockroaches
  5 goblins
  6 hobgoblins
  8 jackals
  6 kobolds
  4 quokkas
  10 ball pythons
  6 bats
  2 frilled lizards
  7 rats
84 creatures vanquished.

Vanquished Creatures (others)
  2 fungi
  47 plants (D:4)
  8 toadstools (D:5)
57 creatures vanquished.

Grand Total: 141 creatures vanquished

Notes
Turn   | Place    | Note
-------+----------+-------------------------------------------
     0 | D:1      | Mesmaeker13 the Barachi Hunter began the quest for the Orb.
     0 | D:1      | Reached XP level 1. HP: 17/17 MP: 1/1
    87 | D:1      | Reached XP level 2. HP: 19/23 MP: 2/2
   136 | D:1      | Found a faded altar of an unknown god.
   254 | D:1      | Found Qiasejow's Magic Scroll Emporium.
   549 | D:1      | Reached XP level 3. HP: 29/29 MP: 3/3
  1405 | D:2      | Found Qolor's Assorted Antiques.
  1534 | D:2      | Reached XP level 4. HP: 35/35 MP: 4/4
  1993 | D:3      | Found an ornate altar of the Wu Jian Council.
  2243 | D:3      | Reached XP level 5. HP: 30/42 MP: 3/5
  2299 | D:3      | Found Amnefamp's Magic Scroll Shoppe.
  2314 | D:3      | Bought a scroll of teleportation for 33 gold pieces
  2573 | D:3      | Found a blossoming altar of Fedhas.
  2589 | D:3      | Found a snail-covered altar of Cheibriados.
  2728 | D:3      | Reached skill level 5 in Ranged Weapons
  2853 | D:4      | Found a sacrificial altar of Ru.
  3047 | D:4      | Reached XP level 6. HP: 49/49 MP: 6/6
  3367 | D:4      | Reached skill level 5 in Fighting
  3601 | D:5      | Entered Level 5 of the Dungeon
  3796 | D:5      | Noticed a black bear
  3810 | D:5      | Slain by a black bear

Illustrated notes

Levels and vault maps discovered:
D:1:      kennysheep_arrival_seaside, layout_rooms, serial_shops,
          nicolae_shop_competitors_out_of_business,
          hellmonk_ecumenical_altar_lost_god, serial_co_window_serial,
          co_window_paths_b, co_window_paths_a, co_window_corner_a,
          co_window_paths_b, co_window_corner_a, co_window_2corner,
          co_window_unsneaky_path_b, co_window_cross_4
D:2:      cheibrodos_old_hovel, layout_basic, serial_shops, shop
D:3:      layout_loops_ring, mainiacjoe_overflow_alcove_2, fedhas_altar_3,
          mainiacjoe_overflow_six_doors_small, serial_shops,
          nicolae_shop_tiny_statue_garden
D:4:      layout_loops_ring, nicolae_ru_the_path_less_chosen,
          serial_bayou_lagoon_a
D:5:      cheibrodos_fertilizer, layout_gridville, ebering_ghost_sewer_d

Skill      XL: |  1  2  3  4  5  6 |
---------------+-------------------+-----
Fighting       | 3 4 5 |  5.0
Dodging        | 3 4 |  4.5
Ranged Weapons | 5 |  5.4
Stealth        | |  0.8

Action                     |  1- 3 |  4- 6 || total
---------------------------+-------+-------++-------
  Melee: Mace              |       |    60 ||    60
         Short sword       |       |    34 ||    34
         Punch             |       |     1 ||     1
   Fire: Shortbow          |   114 |    95 ||   209
Ability: Hop               |       |     3 ||     3
    Use: Potion            |     2 |     1 ||     3
         Scroll            |       |     5 ||     5
 Armour: Leather armour    |    16 |    46 ||    62
         Skin              |       |     1 ||     1
  Dodge: Dodged            |    31 |    84 ||   115
